 Dungeon Crawl Stone Soup version 0.28-a0-1087-gf3fc490d9d (webtiles) character file.

Game seed: 10058106918929030468

3 Zonian the Grave Robber (level 1, 0/13 HPs)
             Began as a Demonspawn Necromancer on Dec 11, 2021.
             Slain by a bat (1 damage)
             ... on level 1 of the Dungeon.
             The game lasted 00:00:28 (138 turns).

Zonian the Grave Robber (Demonspawn Necromancer)     Turns: 138, Time: 00:00:28

Health: 0/13       AC:  2    Str:  8    XL:     1   Next: 41%
Magic:  3/3        EV: 12    Int: 16    God:
Gold:   12         SH:  0    Dex: 13    Spells: 3/4 levels left

rFire   . . .      SeeInvis .   (no weapon)
rCold   . . .      Faith    .   (no shield)
rNeg    . . .      Spirit   .   a - +0 robe
rPois   .          Reflect  .   (no helmet)
rElec   .          Harm     .   (no cloak)
rCorr   .          Rampage  .   (no gloves)
Will    .....                   (no boots)
Stlth   ++........              (no amulet)
HPRegen 0.04/turn               (no ring)
MPRegen 0.08/turn               (no ring)

@: no status effects
A: no striking features
a: no special abilities


You were on level 1 of the Dungeon.
You visited 1 branch of the dungeon, and saw 1 of its levels.

You collected 12 gold pieces.

Inventory:

Armour
 a - a +0 robe (worn)
Scrolls
 b - a scroll of teleportation {unknown}


   Skills:
 + Level 1.8 Dodging
 + Level 1.9 Stealth
 + Level 2.0 Spellcasting
 + Level 4.4 Necromancy


You had 3 spell levels left.
You knew the following spells:

 Your Spells              Type           Power      Damage    Failure   Level
a - Pain                  Necr           60%        1d7       3%          1

Your spell library contained the following spells:

 Spells                   Type           Power      Damage    Failure   Level
 Animate Skeleton         Necr           30%        N/A       3%          1
 Vampiric Draining        Necr           15%        2d7       10%         3
 Animate Dead             Necr           7%         N/A       32%         4
 Agony                    Necr           15%        N/A       67%         5


Dungeon Overview and Level Annotations

Branches:
Dungeon (1/15)

Altars:


Message History

The giant cockroach bites you.
Found a scroll labelled SIMENKYCHA.
The giant cockroach bites you.
A bat comes into view.
The bat barely misses you. The bat misses you.
The bat hits you but does no damage. The bat barely misses you.
The giant cockroach bites you.
You see here a scroll labelled SIMENKYCHA.
The bat closely misses you. The bat barely misses you. The bat misses you.
The giant cockroach waves its antennae.
The bat hits you. The bat hits you but does no damage.
The bat barely misses you. The bat hits you.
* * * LOW HITPOINT WARNING * * *
The bat closely misses you. The bat hits you but does no damage.
The bat misses you. The bat barely misses you.
You are too injured to fight recklessly!
You are too injured to fight recklessly!
You are too injured to fight recklessly!
Unknown command.
Found a stone staircase leading down.
The bat misses you. The bat hits you but does no damage. The bat misses you.
The bat closely misses you. The bat barely misses you. The bat hits you.
* * * LOW HITPOINT WARNING * * *
The bat hits you.
* * * LOW HITPOINT WARNING * * *
The bat hits you.
* * * LOW HITPOINT WARNING * * *
The bat barely misses you.
You aren't carrying any potions.
Unknown command.
The bat hits you.
You die...

......#.#.....#....#.#
#...#.#####.#..#.####
##..# ...........>..
#..# ####.####..###
#..# #.......... ##?##
##########. #..#
###...###. #..##
##.......## #.@.#
#.........# #.#b#
#....♣....# #.#.#
#.......... #.#.#
#.......## #B#.##
###...#### #.#.g#
####.### ##
#.##.####...### #.
#.##.##.......####.
#.##g#.........##..


You could see a giant cockroach, a hobgoblin and a bat.

Vanquished Creatures
  A giant cockroach (D:1)
  A kobold (D:1)
  A rat (D:1)
3 creatures vanquished.

Notes
Turn   | Place    | Note
-------+----------+-------------------------------------------
     0 | D:1      | Zonian the Demonspawn Necromancer began the quest for the
                  | Orb.
     0 | D:1      | Reached XP level 1. HP: 13/13 MP: 3/3
   138 | D:1      | Slain by a bat

Illustrated notes

Levels and vault maps discovered:
D:1:      dpeg_arrival_three_same_balls, layout_basic

Action                   || total
-------------------------++-------
Melee: Unarmed           ||     3
 Cast: Pain              ||     4
Armor: Robe              ||     5
Dodge: Dodged            ||    17

Table legend: (Time is in decaauts)
 A = Elapsed time spent in this place.
 B = Non-inter-level travel time spent in this place.
 C = Inter-level travel time spent in this place.
 D = Time resting spent in this place.
 E = Time spent auto-exploring this place.
 F = Levels seen in this place.
 G = Mean time per level.
                   A        B        C        D        E       F      G
               +--------+--------+--------+--------+--------+-----+--------+
         Total |    138 |    138 |      0 |      0 |     75 |   1 |  138.0 |
       Dungeon |    138 |    138 |      0 |      0 |     75 |   1 |  138.0 |
               +--------+--------+--------+--------+--------+-----+--------+

Top non-repeatable levels by time:
     D:1: 138 daAuts
